 Dungeon Crawl Stone Soup version 0.20.1-1-g8b1a95d (webtiles) character file.

447 softchomps the Covert (level 6, -3/30 HPs)
             Began as a Spriggan Assassin on Aug 22, 2017.
             Slain by Pikel
             ... wielding a +2 whip of flaming
              (8 damage)
             ... on level 4 of the Dungeon.
             The game lasted 00:10:44 (2898 turns).

softchomps the Covert (Spriggan Assassin)           Turns: 2898, Time: 00:10:45

Health: -3/30      AC:  4    Str:  6 (7)  XL:     6   Next: 73%
Magic:  16/16      EV: 21    Int: 12      God:
Gold:   270        SH:  0    Dex: 20      Spells: 5/5 levels left

rFire    + . .     SeeInvis +   a - +2 dagger
rCold    + . .     Gourm    .   (shield restricted)
rNeg     + . .     Faith    .   c - +1 robe
rPois    .         Spirit   .   (helmet restricted)
rElec    .         Reflect  .   d - +0 cloak
rCorr    .         Harm     .   (gloves unavailable)
MR       ++...                  (boots unavailable)
Stlth    ++++......             (no amulet)
Regen    0.1/turn               v - ring of protection from magic
MPRegen  0.2/turn               n - ring of Fulleli {rF+ rC+ rN+ MP+9 Slay+3}

@: drained, very quick
A: unfitting armour, see invisible, herbivore 3, speed 3, slow metabolism 2
a: no special abilities


You were on level 4 of the Dungeon.
You were not hungry.

You visited 1 branch of the dungeon, and saw 4 of its levels.

You collected 270 gold pieces.

Inventory:

Hand Weapons
 a - a +2 dagger (weapon)
 b - a +0 blowgun
 i - a +0 hunting sling
 s - the +6 mace of the Apocalypse {antimagic, rElec rC+ Str-5 Stlth+}
   (You found it on level 4 of the Dungeon)

   It reduces the magical energy of the wielder, and disrupts the spells and
   magical abilities of those hit.
   Natural abilities and divine invocations are not affected.
   It affects your strength (-5).
   It protects you from cold.
   It insulates you from electricity.
   It makes you more stealthy.
 u - a +1 dagger of chaos
 x - a +1 dagger of holy wrath
Missiles
 e - 43 poisoned needles
 f - 4 curare-tipped needles
 q - a throwing net (quivered)
 r - 13 sling bullets
Armour
 c - a +1 robe (worn)
 d - a +0 cloak (worn)
Jewellery
 n - the ring of Fulleli (right hand) {rF+ rC+ rN+ MP+9 Slay+3}
   (You found it on level 4 of the Dungeon)

   [ring of positive energy]

   It affects your accuracy and damage with ranged weapons and melee attacks
   (+3).
   It protects you from fire.
   It protects you from cold.
   It protects you from negative energy.
   It affects your magic capacity (+9).
 v - a ring of protection from magic (left hand)
 w - an uncursed ring of ice
Wands
 h - a wand of random effects (29/48)
Scrolls
 k - 2 scrolls of immolation
 m - a scroll of teleportation
 o - a scroll of recharging
 p - a scroll of magic mapping
 A - 2 scrolls of remove curse
Potions
 j - 3 potions of lignification
 l - a potion of curing
Comestibles
 g - 4 bread rations
 t - 4 royal jellies


   Skills:
 + Level 2.3(2.2) Fighting
 * Level 4.3(4.2) Short Blades
 + Level 3.1(3.0) Throwing
 * Level 4.9(4.8) Dodging
 * Level 8.5(8.3) Stealth


You had 5 spell levels left.
You didn't know any spells.

Dungeon Overview and Level Annotations

Branches:
Dungeon (4/15)
 Temple: D:4-7

Altars:
Ashenzari
Okawaru
Xom

Annotations:
D:4 Pikel


Innate Abilities, Weirdness & Mutations

You are very small and have problems with some larger weapons.
You are too small for most types of armour.
You have supernaturally acute eyesight. (SInv)
You are a herbivore.
You cover ground extremely quickly.
You need consume almost no food.


Message History

Pikel is lightly wounded.
The slave hits you. The slave closely misses you. Pikel misses you.
You hit Pikel but do no damage.
Pikel is lightly wounded.
The slave completely misses you. x2; Pikel misses you.
You hit Pikel.
Pikel is moderately wounded.
The slave completely misses you. The slave hits you.
The slave completely misses you. Pikel hits you with a whip of flaming.
* * * LOW HITPOINT WARNING * * *
Pikel burns you.
* * * LOW HITPOINT WARNING * * *
As you read the scroll of fear, it crumbles to dust.
You assume a fearsome visage.
Pikel looks frightened!
The slave looks frightened! x4; The dart slug looks frightened!
You hit Pikel but do no damage.
Your attack snaps Pikel out of his fear.
Pikel is moderately wounded.
Pikel hits you with a whip of flaming!
You die...

.#.....# .#.....#
.#....## #######
##....# .....# .#....#
.....# .#....# #....#
.#....# ###+# #.pp#
.#....# ....w##K..#
.#....# .......@..+
##....# ......p...#
......##########'###
..####....##.###.######
..# #....#.....p.......
..# #....).............
### #....#.............
#..<.#.............
#....#.............


You could see Pikel, 4 slaves and a dart slug (fleeing).

Vanquished Creatures
  A phantom (D:4)
  3 crimson imps
  Natasha (twice) (D:2)
  A worker ant (D:4)
  4 gnolls (D:2)
  A howler monkey skeleton (D:4)
  6 adders
  An ooze (D:1)
  A worm (D:2)
  5 leopard geckos
  6 orcs
  5 giant cockroaches
  5 goblins
  A hobgoblin (D:2)
  2 jackals (D:1)
  A quokka (D:3)
  10 bats
  2 frilled lizards (D:3)
  7 kobolds
  2 rats (D:2)
66 creatures vanquished.

Notes
Turn   | Place    | Note
-------+----------+-------------------------------------------
     0 | D:1      | softchomps the Spriggan Assassin began the quest for the Orb.
     0 | D:1      | Reached XP level 1. HP: 10/10 MP: 2/2
    29 | D:1      | Reached skill level 6 in Stealth
    98 | D:1      | Reached XP level 2. HP: 14/14 MP: 3/3
   561 | D:2      | Noticed Natasha
   573 | D:2      | Noticed a crimson imp
   573 | D:2      | Killed Natasha
   573 | D:2      | Reached XP level 3. HP: 18/18 MP: 4/4
   670 | D:2      | Found a shimmering altar of Xom.
   923 | D:2      | Noticed Natasha
   931 | D:2      | Killed Natasha
   931 | D:2      | Reached skill level 7 in Stealth
   931 | D:2      | Reached XP level 4. HP: 23/23 MP: 5/5
   997 | D:2      | Found a shattered altar of Ashenzari.
  1280 | D:2      | Reached XP level 5. HP: 24/26 MP: 6/6
  1846 | D:3      | Found a shimmering altar of Xom.
  2386 | D:4      | Got a slimy mace
  2387 | D:4      | Identified the +6 mace of the Apocalypse {antimagic, rElec rC+ Str-5 Stlth+} (You found it on level 4 of the Dungeon)
  2409 | D:4      | Reached skill level 8 in Stealth
  2411 | D:4      | Noticed a phantom
  2418 | D:4      | Killed a phantom
  2418 | D:4      | Reached XP level 6. HP: 30/30 MP: 4/7
  2476 | D:4      | Found an iron altar of Okawaru.
  2480 | D:4      | Got a scorched turquoise ring
  2485 | D:4      | Identified the ring of Fulleli {rF+ rC+ rN+ MP+9 Slay+3} (You found it on level 4 of the Dungeon)
  2888 | D:4      | Noticed Pikel
  2888 | D:4      | Noticed a slave
  2888 | D:4      | Noticed a slave
  2888 | D:4      | Noticed a slave
  2889 | D:4      | Noticed a slave
  2898 | D:4      | Slain by Pikel

Skill      XL: |  1  2  3  4  5 |
---------------+----------------+-----
Stealth        | 6 7 8 |  8.5
Dodging        | 2 3 4 |  4.9
Short Blades   | 3 4 |  4.3
Fighting       | 2 |  2.3
Throwing       | 3 |  3.1

Action                   |  1- 3 |  4- 6 || total
-------------------------+-------+-------++-------
Melee: Dagger            |    57 |   244 ||   301
 Fire: Blowgun           |     4 |     7 ||    11
       Hunting sling     |       |    15 ||    15
  Use: Scroll            |     1 |    16 ||    17
       Potion            |       |     5 ||     5
 Stab: Sleeping          |    12 |    14 ||    26
Armor: Robe              |     5 |    23 ||    28
Dodge: Dodged            |    31 |   148 ||   179
